 Dungeon Crawl Stone Soup version 0.32-a0-893-gf85d74f360 (webtiles) character file.

Game seed: 5333069466732616648

147 pokedragonboy the Grasshopper (level 5, -4/46 HPs)
             Began as a Naga Warper on Apr 3, 2024.
             Slain by a gnoll
             ... wielding a +6 spear
             ... led by a gnoll bouda
              (9 damage)
             ... on level 3 of the Dungeon.
             The game lasted 00:06:48 (2180 turns).

pokedragonboy the Grasshopper (Naga Warper)         Turns: 2180, Time: 00:06:49

Health: -4/46      AC:  5    Str: 15    XL:     5   Next: 29%
Magic:  8/8        EV:  7    Int: 13    God:
Gold:   80         SH:  0    Dex: 11    Spells: 4/9 levels left

rFire   . . .        a - +0 hand axe
rCold   . . .        (no shield)
rNeg    . . .        f - +0 ring mail
rPois   +            m - +0 helmet
rElec   .            (no cloak)
rCorr   .            (no gloves)
SInv    +            (no barding)
Will    .....        (no amulet)
Stlth   +            (no ring)
HPRegen 0.27/turn    (no ring)
MPRegen 0.11/turn

%: no passive effects
@: very slow
A: AC +1, large, see invisible, deformed body, poison resistance, slowness 2,
spit poison 1, naga tail 1
a: Spit Poison


You were on level 3 of the Dungeon.
You visited 1 branch of the dungeon, and saw 3 of its levels.

You collected 80 gold pieces.

Inventory:

Hand Weapons
 a - a +0 hand axe (weapon)
Missiles
 d - 4 darts of dispersal
Armour
 f - a +0 ring mail (worn)
 m - a +0 helmet (worn)
Scrolls
 b - a scroll of vulnerability
 c - a scroll of fear {unknown}
 e - a scroll of immolation
 k - a scroll of enchant weapon
Potions
 j - a potion of attraction
 l - a potion of curing


   Skills:
 + Level 2.7 Fighting
 * Level 3.3 Axes
 - Level 0.8 Throwing
 - Level 0.7 Armour
 - Level 1.5 Dodging
 + Level 2.6 Spellcasting
 * Level 4.2 Translocations


You had 4 spell levels left.
You knew the following spells:

 Your Spells              Type           Power      Damage    Failure   Level
j - Teleport Other        Tloc           12%        N/A       26%         3
n - Blink                 Tloc           24%        N/A       13%         2

Your spell library contained the following spells:

 Spells                   Type           Power      Damage    Failure   Level
 Lesser Beckoning         Tloc           24%        N/A       13%         2
 Maxwell's Portable Pile  Tloc           12%        2d(6-17)  26%         3
 Momentum Strike          Conj/Tloc      14%        3d8       30%         2
 Vhi's Electric Charge    Tloc/Air       14%        N/A       89%         4


Dungeon Overview and Level Annotations

Branches:
Dungeon (3/15)

Altars:

Annotations:
D:1 1 transporter
D:2 Sigmund


Innate Abilities, Weirdness & Mutations

Your serpentine skin is tough. (AC +1)
You have supernaturally acute eyesight. (SInv)
Armour fits poorly on your strangely shaped body.
Your system is resistant to poisons. (rPois)
You cover ground very slowly.
You can spit poison.
You have a snake-like lower body.


Message History

You hit the gnoll.
You kill the gnoll!
You have got your breath back.
Aiming: Spit Poison (1% risk of failure)
Press: ? - help, Q - select action, (/) - cycle Shift-Dir - straight line, f - gnoll
Aim: a gnoll, wielding a +0 flail and wearing a +0 robe (65% to hit)
The splash of poison hits the gnoll.
The gnoll is poisoned.
The gnoll is lightly wounded.
A gnoll comes into view. It is wielding a +6 spear.
Things that are here:
a +0 whip; a +0 leather armour; a gnoll corpse You hit the gnoll.
The gnoll is severely wounded.
The gnoll hits you with a +0 flail.
You hit the gnoll.
The gnoll is almost dead.
The gnoll barely misses you.
You closely miss the gnoll.
The gnoll is almost dead.
The gnoll hits you with a +0 flail.
You hit the gnoll but do no damage.
The gnoll is almost dead.
You kill the gnoll!
The gnoll hits you from afar with a +6 spear!
You have got your breath back.
The gnoll closely misses you. The gnoll hits you with a +6 spear!
* * * LOW HITPOINT WARNING * * *
Things that are here:
a +0 flail; a +0 robe You hit the gnoll.
The gnoll is moderately wounded.
The gnoll barely misses you.
You hit the gnoll.
The gnoll is heavily wounded.
The gnoll hits you with a +6 spear!
* * * LOW HITPOINT WARNING * * *
You hit the gnoll.
The gnoll is heavily wounded.
The gnoll hits you with a +6 spear!
You die...

#...######.#
#...# #.# #...#
#.# ...#.# #.#
....#.# #.#
#..###.## #.#
.>. ... #.# #g#
#.# #@# #†# #)#
#)# #.# #.# #.#
#.### #.# #.#.#
#.# #.#.####
#.# #.#....#
#.#.####.#.##.#
#.#.........#.#


You could see a gnoll.

Vanquished Creatures
  A gnoll bouda (D:3)
  Robin (D:2)
  3 gnolls
  5 dart slugs
  7 bats (D:1)
  4 endoplasms
  A giant cockroach (D:1)
  6 hobgoblins
  3 jackals (D:1)
  4 quokkas
  3 ball pythons
  A frilled lizard (D:1)
  14 goblins
  7 kobolds
  6 rats
66 creatures vanquished.

Notes
Turn   | Place    | Note
-------+----------+-------------------------------------------
     0 | D:1      | pokedragonboy the Naga Warper began the quest for the Orb.
     0 | D:1      | Reached XP level 1. HP: 19/19 MP: 3/3
   212 | D:1      | Reached XP level 2. HP: 23/26 MP: 5/5
   318 | D:1      | Reached XP level 3. HP: 17/32 MP: 6/6
  1031 | D:2      | Found a faded altar of an unknown god.
  1060 | D:2      | Noticed Robin
  1064 | D:2      | Reached XP level 4. HP: 33/40 MP: 7/7
  1079 | D:2      | Killed Robin
  1261 | D:2      | Noticed Sigmund
  1760 | D:2      | Reached skill level 4 in Translocations
  1794 | D:3      | Learned a level 2 spell: Blink
  1798 | D:3      | Learned a level 3 spell: Teleport Other
  2163 | D:3      | Reached XP level 5. HP: 32/46 MP: 8/8
  2180 | D:3      | Slain by a gnoll

Illustrated notes

Levels and vault maps discovered:
D:1:      spicycebolla_arrival_risky_transporter, layout_loops_cross
D:2:      layout_loops_ring, serial_aquarium, aquarium_bridge_straight
          [aquarium_subvault_bridge, aquarium_subvault_window,
          aquarium_subvault_bridge, aquarium_subvault_wall],
          aquarium_bridge_square [aquarium_subvault_bridge,
          aquarium_subvault_wall, aquarium_subvault_window,
          aquarium_subvault_window], aquarium_window_2, aquarium_window_fake,
          aquarium_view_2c, aquarium_balcony_5b, aquarium_pool_five,
          shapermc_ecumenical_altar_gd, chequers_garden, kennysheep_flooded_box,
          uniq_robin, uniq_sigmund
D:3:      layout_basic

Skill      XL: |  1  2  3  4 |
---------------+-------------+-----
Axes           | 3 |  3.3
Translocations | 4 |  4.2
Fighting       | |  2.7
Throwing       | |  0.8
Armour         | |  0.7
Dodging        | |  1.5
Spellcasting   | |  2.6

Action                     |  1- 3 |  4- 6 || total
---------------------------+-------+-------++-------
  Melee: Hand axe          |    97 |    78 ||   175
  Throw: Dart              |       |     3 ||     3
Ability: Spit Poison       |     5 |    14 ||    19
    Use: Scroll            |     3 |     4 ||     7
         Potion            |       |     1 ||     1
 Armour: Ring mail         |   134 |    88 ||   222
         Leather armour    |     4 |       ||     4
  Dodge: Dodged            |    63 |    48 ||   111

Table legend: (Time is in decaauts)
 A = Elapsed time spent in this place.
 B = Non-inter-level travel time spent in this place.
 C = Inter-level travel time spent in this place.
 D = Time resting spent in this place.
 E = Time spent auto-exploring this place.
 F = Levels seen in this place.
 G = Mean time per level.
                   A        B        C        D        E       F      G
               +--------+--------+--------+--------+--------+-----+--------+
         Total |   2591 |   2503 |     88 |    606 |   1354 |   3 |  863.7 |
       Dungeon |   2591 |   2503 |     88 |    606 |   1354 |   3 |  863.7 |
               +--------+--------+--------+--------+--------+-----+--------+

Top non-repeatable levels by time:
     D:1: 1517 daAuts
     D:2: 597 daAuts
     D:3: 477 daAuts
